 Dungeon Crawl Stone Soup version 0.21.1-1-g345015fe64 (webtiles) character file.

69556 Delanovic the Fighter (level 15, -9/100 HPs)
             Began as a Gargoyle Gladiator on May 18, 2018.
             Was the Champion of Qazlal.
             Splashed by an oklob plant's acid (10 damage)
             ... on level 3 of the Lair of Beasts.
             The game lasted 01:25:07 (25010 turns).

Delanovic the Fighter (Gargoyle Gladiator)         Turns: 25010, Time: 01:25:10

Health: -9/100     AC: 13    Str: 22 (25) XL:     15   Next: 30%
Magic:  0/31       EV: 20    Int:  9 (10) God:    Qazlal [******]
Gold:   1000       SH:  8    Dex: 22 (23) Spells: 14/14 levels left

rFire    + . .     SeeInvis .   A - +3 great mace (protect)
rCold    + + .     Gourm    .   (shield currently unavailable)
rNeg     + . .     Faith    .   v - +2 scale mail {rC+}
rPois    ∞         Spirit   +   Z - +1 hat
rElec    +         Reflect  .   H - scarf {rC+ rF+}
rCorr    .         Harm     .   J - +0 pair of gloves {Dex+3}
MR       +....                  (no boots)
Stlth    ..........             l - amulet of guardian spirit
HPRegen  0.66/turn              g - +6 ring of strength
MPRegen  0.22/turn              u - ring of Othig {MP+9 Dex+5}

@: corroded, very slightly contaminated, invisible, repel missiles
A: big wings, negative energy resistance 1, sense surroundings 1, regeneration
1, electricity resistance, wild magic 1, unbreathing, petrification resistance,
rot immunity, MP-powered wands, AC +11
a: Fly, Upheaval, Elemental Force, Disaster Area, Renounce Religion


You were on level 3 of the Lair of Beasts.
You worshipped Qazlal.
Qazlal was exalted by your worship.
You were not hungry.

You visited 4 branches of the dungeon, and saw 20 of its levels.
You also visited: Ossuary and Ice Cave.

You collected 1747 gold pieces.
You spent 747 gold pieces at shops.

Inventory:

Hand Weapons
 A - a +3 great mace of protection (weapon)
 I - a +5 mace
Missiles
 d - 4 throwing nets (quivered)
Armour
 b - a +0 leather armour
 n - a +0 ring mail of magic resistance
 v - a +2 scale mail of cold resistance (worn)
 G - the +2 ring mail of the Country {+Inv Str+3}
   (You found it on level 7 of the Dungeon)

   It affects your strength (+3).
   It lets you turn invisible.
 H - a scarf of resistance (worn)
 J - a +0 pair of gloves of dexterity (worn)
 T - a +2 shield
 Z - a +1 hat (worn)
Jewellery
 g - a +6 ring of strength (left hand)
 l - an amulet of guardian spirit (around neck)
 u - the ring of Othig (right hand) {MP+9 Dex+5}
   (You bought it in a shop on level 2 of the Orcish Mines)

   [ring of magical power]

   It affects your dexterity (+5).
   It affects your magic capacity (+9).
 y - a +4 ring of evasion
 B - an uncursed amulet of rage
 M - a +2 ring of slaying
 P - a +2 ring of evasion
 S - an uncursed ring of resist corrosion
 X - an uncursed ring of protection from fire
Wands
 w - a wand of random effects (20)
Scrolls
 c - a scroll of holy word
 i - 3 scrolls of immolation
 k - a scroll of vulnerability
 o - 7 scrolls of magic mapping
 p - 15 scrolls of teleportation
 q - 3 scrolls of amnesia
 z - 5 scrolls of enchant armour
 D - 2 scrolls of enchant weapon
 E - a scroll of noise
 F - 5 scrolls of remove curse
 K - 4 scrolls of fog
 Q - 3 scrolls of identify
 R - a scroll of torment
Potions
 a - a potion of magic
 h - 3 potions of flight
 j - 2 potions of brilliance
 m - 4 potions of mutation
 r - 4 potions of curing
 t - 5 potions of lignification
 x - a potion of haste
 L - 2 potions of might
 N - a potion of resistance
 O - a potion of berserk rage
Books
 e - a book of Air

   Spells                             Type                      Level
   a - Shock                          Conjuration/Air              1
   b - Swiftness                      Charms/Air                   2
   c - Static Discharge               Conjuration/Air              3
   d - Airstrike                      Air                          4
   e - Lightning Bolt                 Conjuration/Air              5
 C - a book of Minor Magic

   Spells                             Type                      Level
   a - Magic Dart                     Conjuration                  1
   b - Blink                          Translocation                2
   c - Call Imp                       Summoning                    2
   d - Slow                           Hexes                        2
   e - Conjure Flame                  Conjuration/Fire             3
   f - Mephitic Cloud                 Conjuration/Poison/Air       3
 Y - a book of Frost

   Spells                             Type                      Level
   a - Freeze                         Ice                          1
   b - Throw Frost                    Conjuration/Ice              2
   c - Ozocubu's Armour               Charms/Ice                   3
   d - Throw Icicle                   Conjuration/Ice              4
   e - Summon Ice Beast               Ice/Summoning                4
Comestibles
 f - 25 rations


   Skills:
 + Level 14.2 Fighting
 - Level 12.7 Maces & Flails
 - Level 1.7 Throwing
 - Level 12.5 Armour
 + Level 11.5 Dodging
 + Level 9.7 Invocations


You had 14 spell levels left.
You didn't know any spells.

Dungeon Overview and Level Annotations

Branches:
Dungeon (14/15)            Temple (1/1) D:4            Lair (3/6) D:11
  Swamp (0/4) Lair:3        Snake (0/4) Lair:2          Orc (2/2) D:10
    Elf (0/3) Orc:2        Vaults (0/5) D:14

Altars:
Dithmenos
Fedhas
Gozag
Nemelex Xobeh
Okawaru
Qazlal
Ru
Sif Muna
Trog
Uskayaw
Wu Jian
Xom
Zin
Beogh

Shops:
D:8 [   D:10 [   D:12 }(:   Orc:1 (   Orc:2 =?(

Portals:
Bazaar: D:13

Annotations:
Lair:3 exclusion: 4 oklob plants


Innate Abilities, Weirdness & Mutations

You are resistant to torment.
Your stone body is resilient. (AC +11)
You are immune to poison.
Your large and strong wings let you fly indefinitely.
You resist negative energy. (rN+)
You are resistant to electric shocks. (rElec)
You can survive without breathing.
You are immune to petrification.
You are immune to rotting.
You passively map a small area around you.
Your natural rate of healing is unusually fast.
Your spells are a little harder to cast, but a little more powerful.
You expend magic power (3 MP) to strengthen your wands.


Message History

The oklob plant spits acid at you. The splash of acid hits you!
* * * LOW HITPOINT WARNING * * *
You are splashed with acid!
The acid burns!
* * * LOW HITPOINT WARNING * * *
You are very lightly contaminated with residual magic.
Okay, then.
It was a potion of degeneration.
There was something very wrong with that liquid.
You feel weakened.
You feel dopey.
You feel clumsy.
The oklob plant is engulfed in blazing flames.
The oklob plant spits acid at you.
The splash of acid is repelled.
The oklob plant spits acid at you.
The splash of acid is repelled.
The oklob plant spits acid at you. The splash of acid hits you!
* * * LOW HITPOINT WARNING * * *
You are splashed with acid!
The acid burns!
You die...

# #...##....##..## #
#...#......+...#
###.............##
##.....P....##...#
##.....P.≈.#....#
##....#PP.≈.#≈#######
...........≈≈≈.|§§P}#
..............§§.)§.#
..............PE@?[)#
...............§?§/.#
........#.##.≈.PP§P.#
.......##..#..#######
.#.....##..##...P#
+##....#...##...##
.#.....##.......#
..#....'...P#...#
.P#.....#.......##


You could see 4 oklob plants and a water elemental.

Vanquished Creatures
  Frances (D:14)
  Nessos (D:13)
  Josephine (D:14)
  5 hydras
  A vault guard (D:14)
  2 centaur warriors
  8 two-headed ogres
  5 orc high priests (Orc:2)
  Nergalle (D:10)
  3 skeletal warriors (D:11)
  An unseen horror (D:14)
  Pikel (D:7)
  3 orc knights (Orc:2)
  A deep elf mage (D:12)
  4 ugly things
  8 cyclopes
  5 orc sorcerers
  Maurice (D:13)
  3 black mambas (Lair:2)
  Joseph (D:10)
  2 ice statues (IceCv)
  3 gargoyles (D:14)
  A smoke demon (D:14)
  8 spiny frogs
  A rime drake (Lair:3)
  A freezing wraith (D:14)
  An ice devil (D:14)
  2 efreet (D:14)
  6 komodo dragons
  A polar bear (Lair:2)
  A merfolk (D:10)
  6 trolls
  3 hornets
  Grinder (D:3)
  9 hippogriffs
  4 slime creatures (D:13)
  A spriggan (Lair:2)
  A shadow (D:14)
  2 vampires
  31 yaks
  2 wyverns
  4 wraiths
  2 basilisks
  6 vampire mosquitoes
  4 hungry ghosts
  4 wargs
  17 water moccasins
  3 porcupines
  4 sky beasts
  2 phantoms
  9 ice beasts
  2 black bears
  An eye of draining (D:9)
  A hornet zombie (D:11)
  54 orc warriors
  A necrophage (D:10)
  20 centaurs
  12 wolves
  16 ogres
  6 crocodiles
  3 big kobolds
  9 bullfrogs
  2 wyvern zombies
  A wyvern skeleton (D:8)
  3 scorpions
  14 killer bees
  5 howler monkeys
  8 wights (D:6)
  11 crimson imps
  6 centaur zombies
  6 hounds
  Crazy Yiuf (D:3)
  6 jellies
  20 orc wizards
  23 orc priests
  4 centaur skeletons
  A human zombie (D:6)
  3 iguanas
  Terence (D:3)
  13 worker ants
  Ijyb (D:4)
  3 big kobold zombies (Ossuary)
  2 hound zombies
  A hound skeleton (D:4)
  3 mummies (Ossuary)
  A worker ant zombie (D:7)
  9 gnolls
  13 adders
  A howler monkey skeleton (D:7)
  6 shadow imps
  16 white imps
  4 adder zombies (Ossuary)
  3 worms
  A dart slug (D:1)
  A leopard gecko (D:3)
  118 orcs
  2 ball pythons
  9 bats
  4 giant cockroaches
  6 goblins
  5 hobgoblins
  12 jackals
  9 kobolds
  5 quokkas
  5 frilled lizards
  2 gnoll zombies (Ossuary)
  7 goblin zombies (Ossuary)
  3 hobgoblin zombies (Ossuary)
  A jackal zombie (Ossuary)
  A kobold zombie (Ossuary)
  3 orc zombies (Ossuary)
  8 quokka zombies (Ossuary)
  3 rats (D:1)
  4 rat zombies (Ossuary)
  3 plants (Lair:3)
726 creatures vanquished.

Vanquished Creatures (collateral kills)
  An orc warlord (Orc:2)
  An orc priest (Orc:2)
  An orc (Orc:1)
3 creatures vanquished.

Vanquished Creatures (others)
  A centaur skeleton (D:14)
  A wolf spider simulacrum (D:14)
  A hippogriff (D:14)
  2 orc wizards (D:14)
  An orc (D:12)
  2 fungi (Lair:1)
  A plant (Lair:3)
9 creatures vanquished.

Grand Total: 738 creatures vanquished

Notes
Turn   | Place    | Note
-------+----------+-------------------------------------------
     0 | D:1      | Delanovic the Gargoyle Gladiator began the quest for the Orb.
     0 | D:1      | Reached XP level 1. HP: 12/12 MP: 1/1
   151 | D:1      | Reached XP level 2. HP: 18/18 MP: 2/2
   828 | D:2      | Reached XP level 3. HP: 16/22 MP: 3/3
  1060 | D:2      | Reached skill level 3 in Fighting
  1379 | D:2      | Reached XP level 4. HP: 28/28 MP: 4/4
  1836 | D:3      | Noticed Grinder
  1841 | D:3      | Gained mutation: You have supernaturally acute eyesight. (SInv) [potion of mutation]
  1841 | D:3      | Gained mutation: You expend magic power (3 MP) to strengthen your wands. [potion of mutation]
  1841 | D:3      | Gained mutation: You passively map a small area around you. [potion of mutation]
  1888 | D:3      | Killed Grinder
  1888 | D:3      | Reached skill level 4 in Fighting
  1888 | D:3      | Reached XP level 5. HP: 26/33 MP: 2/5
  1888 | D:3      | Reached XP level 6. HP: 29/38 MP: 2/6
  2002 | D:3      | Found a shimmering altar of Xom.
  2016 | D:3      | You fall through a shaft for 3 floors!
  2092 | D:6      | Reached skill level 5 in Maces & Flails
  2092 | D:6      | Reached XP level 7. HP: 29/44 MP: 4/7
  2199 | D:6      | Found a sand-covered staircase.
  2205 | D:6      | Reached skill level 5 in Fighting
  2318 | Ossuary  | Entered an ossuary
  2863 | D:5      | Entered Level 5 of the Dungeon
  2891 | D:4      | Reached skill level 1 in Armour
  3026 | D:4      | Reached XP level 8. HP: 41/51 MP: 8/8
  3332 | D:3      | Noticed Terence
  3342 | D:3      | Killed Terence
  3385 | D:3      | Found a shadowy altar of Dithmenos.
  3487 | D:3      | Found a runed door.
  3731 | D:3      | Noticed Crazy Yiuf
  3740 | D:3      | Killed Crazy Yiuf
  4030 | D:4      | Noticed Ijyb
  4042 | D:4      | Killed Ijyb
  4042 | D:4      | Reached skill level 6 in Fighting
  4042 | D:4      | Reached skill level 5 in Dodging
  4047 | D:4      | Found a staircase to the Ecumenical Temple.
  4066 | Temple   | Entered the Ecumenical Temple
  4091 | Temple   | Became a worshipper of Qazlal Stormbringer
  4329 | D:5      | Found a sacrificial altar of Ru.
  5320 | D:6      | Reached XP level 9. HP: 56/56 MP: 9/9
  5350 | D:6      | Reached * piety under Qazlal
  5350 | D:6      | Reached skill level 7 in Fighting
  6198 | D:7      | Reached skill level 5 in Armour
  6346 | D:7      | Got a slimy ring mail
  6357 | D:7      | Identified the +2 ring mail of the Country {+Inv Str+3} (You found it on level 7 of the Dungeon)
  6406 | D:7      | Found a sacrificial altar of Ru.
  6435 | D:7      | Noticed a troll
  6492 | D:6      | Killed a troll
  6729 | D:7      | Reached skill level 8 in Fighting
  6934 | D:7      | Reached XP level 10. HP: 56/64 MP: 10/10
  7281 | D:7      | Noticed Pikel
  7302 | D:7      | Killed Pikel
  7740 | D:8      | Reached ** piety under Qazlal
  8200 | D:8      | Found Desibb's Antique Armour Emporium.
  8445 | D:8      | Reached skill level 9 in Fighting
  9197 | D:9      | Reached *** piety under Qazlal
  9334 | D:9      | Reached XP level 11. HP: 64/71 MP: 11/11
 10078 | D:10     | Entered Level 10 of the Dungeon
 10078 | D:10     | Noticed Nergalle
 10244 | D:10     | Killed Nergalle
 10244 | D:10     | Reached skill level 10 in Fighting
 10545 | D:10     | Found Woppof's Armour Shop.
 10666 | D:10     | Noticed a two-headed ogre
 11142 | D:9      | Killed a two-headed ogre
 11394 | D:10     | Found a staircase to the Orcish Mines.
 11444 | D:10     | Reached **** piety under Qazlal
 11477 | D:10     | Reached skill level 10 in Maces & Flails
 11801 | D:10     | Noticed Joseph
 11817 | D:10     | Killed Joseph
 11914 | D:11     | Noticed a two-headed ogre
 11925 | D:11     | Killed a two-headed ogre
 11947 | D:11     | Reached XP level 12. HP: 73/79 MP: 12/12
 11993 | D:11     | Reached skill level 11 in Fighting
 12173 | D:11     | Noticed a two-headed ogre
 12391 | D:10     | Killed a two-headed ogre
 12707 | D:11     | Reached ***** piety under Qazlal
 12722 | D:11     | Found a staircase to the Lair.
 12740 | D:11     | Reached skill level 10 in Armour
 13004 | D:11     | Reached skill level 1 in Invocations
 14269 | D:12     | Found Rimn's Book Shoppe.
 14493 | D:12     | Found Veun's Food Shop.
 14591 | D:12     | Found Ittampoo's Weapon Boutique.
 14608 | D:12     | Found Couwoe's Gadget Boutique.
 14709 | D:13     | Noticed Nessos
 14716 | D:13     | Killed Nessos
 14716 | D:13     | Reached XP level 13. HP: 85/85 MP: 15/15
 14717 | D:13     | Noticed Maurice
 14731 | D:13     | Killed Maurice
 14980 | D:13     | Reached skill level 12 in Fighting
 15275 | D:13     | Reached ****** piety under Qazlal
 15277 | D:13     | Found a frozen archway.
 15306 | IceCv    | Entered an ice cave
 15448 | IceCv    | Found a transporter.
 15546 | D:13     | Reached skill level 5 in Invocations
 15868 | D:13     | Found a gateway to a bazaar.
 16436 | D:14     | Noticed Josephine
 16444 | D:14     | Reached skill level 10 in Dodging
 16485 | D:14     | Killed Josephine
 16672 | D:14     | Noticed Frances
 16713 | D:14     | Killed Frances
 16941 | D:14     | Noticed a vault guard
 16949 | D:14     | Killed a vault guard
 17278 | D:14     | Gained mutation: Your large and strong wings let you fly indefinitely. [Gargoyle growth]
 17278 | D:14     | Reached XP level 14. HP: 92/92 MP: 18/18
 17398 | D:14     | Found a gate to the Vaults.
 18049 | Orc:1    | Entered Level 1 of the Orcish Mines
 18051 | Orc:1    | Found a roughly hewn altar of Beogh.
 18297 | Orc:2    | Entered Level 2 of the Orcish Mines
 18507 | Orc:2    | Reached skill level 13 in Fighting
 18844 | Orc:1    | Found Hais's Antique Weapon Emporium.
 19360 | Orc:2    | Noticed an orc warlord
 19919 | Orc:2    | Found a roughly hewn altar of Beogh.
 20211 | Orc:2    | Found Munuwoff's Magic Scroll Boutique.
 20363 | Orc:2    | Found Xycu's Weapon Shop.
 20379 | Orc:2    | Bought a scroll of magic mapping for 42 gold pieces
 20379 | Orc:2    | Bought a scroll of enchant armour for 90 gold pieces
 20379 | Orc:2    | Bought a scroll of holy word for 90 gold pieces
 20628 | Orc:2    | Killed an orc warlord
 20857 | Orc:2    | Found Foahish's Armour Shop.
 21168 | Orc:2    | Found a staircase to the Elven Halls.
 21273 | Orc:2    | Found Waewir's Jewellery Emporium.
 21476 | Orc:2    | Found a roughly hewn altar of Beogh.
 21947 | Orc:2    | Bought the ring of Othig {MP+9 Dex+5} for 525 gold pieces
 22222 | Lair:1   | Entered Level 1 of the Lair of Beasts
 22784 | Lair:1   | Found a sparkling altar of Nemelex Xobeh.
 23069 | Lair:1   | Lost mutation: You expend magic power (3 MP) to strengthen your wands. [potion of mutation]
 23069 | Lair:1   | Lost mutation: You have supernaturally acute eyesight. (SInv) [potion of mutation]
 23069 | Lair:1   | Gained mutation: Your spells are a little harder to cast, but a little more powerful. [potion of mutation]
 23069 | Lair:1   | Gained mutation: You expend magic power (3 MP) to strengthen your wands. [potion of mutation]
 23069 | Lair:1   | Gained mutation: Your natural rate of healing is unusually fast. [potion of mutation]
 23107 | Lair:2   | Reached XP level 15. HP: 78/100 MP: 21/21
 23313 | Lair:2   | Reached skill level 14 in Fighting
 23481 | Lair:2   | Found a staircase to the Snake Pit.
 23725 | Lair:2   | Found a hide-covered altar of Uskayaw.
 24293 | Lair:3   | Found a staircase to the Swamp.
 25010 | Lair:3   | HP: 1/100 [oklob plant/splash of acid (8)]
 25010 | Lair:3   | Splashed by an oklob plant's acid

Skill      XL: |  1  2  3  4  5  6  7  8  9 10 11 12 13 14 15 |
---------------+----------------------------------------------+-----
Fighting       | 3 4 5 6 8 9 10 11 12 13 14 | 14.2
Dodging        | 3 4 5 6 7 8 9 10 11 | 11.5
Maces & Flails | 4 5 6 7 9 10 11 12 | 12.7
Armour         | 1 3 5 7 9 10 11 12 | 12.5
Invocations    | 3 6 8 9 |  9.7
Throwing       | |  1.7

Action                   |  1- 3 |  4- 6 |  7- 9 | 10-12 | 13-15 || total
-------------------------+-------+-------+-------+-------+-------++-------
Melee: Flail             |    86 |    67 |   364 |       |       ||   517
       Dire flail        |       |       |    58 |       |       ||    58
       Mace              |       |       |   103 |   875 |   932 ||  1910
       Morningstar       |       |       |       |    82 |       ||    82
       Great mace        |       |       |       |       |   337 ||   337
Invok: Upheaval          |       |       |       |       |     6 ||     6
       Elemental Force   |       |       |       |       |     4 ||     4
       Disaster Area     |       |       |       |       |     1 ||     1
 Abil: Fly               |       |       |       |       |     1 ||     1
       Stop Flying       |       |       |       |       |     1 ||     1
Evoke: Wand              |       |       |       |       |     8 ||     8
  Use: Potion            |       |     1 |     2 |     6 |    14 ||    23
       Scroll            |       |     5 |    12 |     6 |    10 ||    33
 Stab: Invisible         |       |       |       |       |     4 ||     4
  Eat: Chunk             |     1 |     3 |     9 |    25 |    24 ||    62
       Ration            |       |       |     2 |     2 |     4 ||     8
Armor: Leather armour    |    14 |       |       |       |       ||    14
       Ring mail         |    29 |    12 |   229 |   306 |       ||   576
       Skin              |       |       |       |    12 |       ||    12
       Scale mail        |       |       |       |     2 |   364 ||   366
Dodge: Dodged            |    83 |    35 |   396 |   662 |   844 ||  2020
       Deflected         |       |       |       |    16 |    35 ||    51
Block: Other             |       |       |     2 |   185 |   470 ||   657
